 Dungeon Sprint DCSS version 0.14-a0-59-gd5eeb80 (webtiles) character file.

41 Findor the Stinger (level 2, 0/17 HPs)
             Began as an Octopode Venom Mage on Sept 30, 2013.
             Shot with an arrow of frost by an elf (17 damage)
             ... in the Dungeon (Sprint III: "The Ten Rune Challenge").
             The game lasted 00:01:20 (472 turns).

Findor the Stinger (Octopode Venom Mage)             Turns: 472, Time: 00:01:20

HP   0/17        AC  1     Str  7      XL: 2   Next: 87%
MP   2/5         EV 12     Int 17      God:
Gold 20          SH  0     Dex 12      Spells:  1 memorised,  5 levels left

Res.Fire  : . . .   See Invis. : .   (no weapon)
Res.Cold  : . . .   Warding    : .   (no shield)
Life Prot.: . . .   Conserve   : .   (helmet restricted)
Res.Poison: .       Res.Corr.  : .   (no amulet)
Res.Elec. : .       Clarity    : .   (no ring)
Sust.Abil.: . .     Spirit.Shd : .   (no ring)
Res.Mut.  : .       Prev.Telep.: +   (no ring)
Res.Rott. : .       Flight     : .   (no ring)
Saprovore : . . .                    (no ring)
                                     (no ring)
                                     (no ring)
                                     (no ring)

@: not resistant to hostile enchantments, quite stealthy
A: almost no armour, amphibious, 8 rings, constrict 8, camouflage 1, AC +1
a: no special abilities


You were in the Dungeon.
You were not hungry.

You visited 1 branch

Inventory:

Missiles
 a - 18 stones (quivered)
 j - 21 darts
Magical devices
 e - a wand of random effects (9) {unknown}
Comestibles
 c - a bread ration
Scrolls
 i - a scroll of blinking
Potions
 d - a potion of curing
 f - a potion of speed
 g - 2 potions of magic
Books
 b - a Young Poisoner's Handbook

   Spells                             Type                      Level
   *Sting                             Conjuration/Poison           1
   Cure Poison                        Poison                       2
   Mephitic Cloud                     Conjuration/Poison/Air       3
   Olgreb's Toxic Radiance            Poison                       4
   Venom Bolt                         Conjuration/Poison           5


   Skills:
 - Level 2.0 Dodging
 - Level 2.6 Stealth
 + Level 2.9 Spellcasting
 + Level 2.8 Conjurations
 + Level 6.1 Poison Magic


You had 5 spell levels left.
You knew the following spells:

 Your Spells              Type           Power        Failure   Level  Hunger
a - Sting                 Conj/Pois      ###.         2%          1    None


Dungeon Overview and Level Annotations

Branches:
Dungeon (1/1)

Altars:


Innate Abilities, Weirdness & Mutations

You cannot wear most types of armour.
You are amphibious.
You can wear up to eight rings at the same time.
You can use your tentacles to constrict many enemies at once.
Your skin changes colour to match your surroundings (Stlth).
Your rubbery body absorbs attacks (AC +1).


Message History

The elf unwields an uncursed elven short sword.
The elf wields a glowing elven bow.
The elf shoots an arrow of frost.
The arrow of frost misses you.
Casting: Sting
Confirm with . or Enter, or press ? or * to list all spells.
Aiming: Sting
Press: ? - help, Shift-Dir - straight line, f/p - elf
Aim: an elf, wielding a glowing elven bow (lightly wounded)
The sting hits the elf.
The elf is lightly wounded.
Casting: Sting
Confirm with . or Enter, or press ? or * to list all spells.
Aiming: Sting
Press: ? - help, Shift-Dir - straight line, f/p - elf
Aim: an elf, wielding a glowing elven bow (lightly wounded)
The sting misses the elf.
The elf shoots an arrow of frost.
The arrow of frost hits you!
Your potion of berserk rage freezes and shatters!
Ouch! That really hurt!
You die...

#..##...)...#
###.##.##...#
##.##.###..# .
##.####.##..# .(.
#.###..##..##
#e..# ##.....##..#
#....#
###..##...##.....#
##..##....#......#
#..###..##@# #..#
#..#### #### ####


You could see an elf.

Vanquished Creatures
  Jessica (D)
  2 oozes (D)
3 creatures vanquished.

Vanquished Creatures (others)
  2 draconian scorchers (D)
  A yaktaur (D)
3 creatures vanquished.

Grand Total: 6 creatures vanquished

Notes
Turn   | Place    | Note
--------------------------------------------------------------
     0 | D        | Findor, the Octopode Venom Mage, began the quest for the Orb.
     0 | D        | Reached XP level 1. HP: 11/11 MP: 3/3
    18 | D        | Reached skill level 1 in Conjurations
    18 | D        | Reached skill level 5 in Poison Magic
   316 | D        | Killed a white draconian scorcher
   385 | D        | Killed a white draconian scorcher
   393 | D        | Noticed Jessica
   398 | D        | Killed Jessica
   398 | D        | Reached skill level 6 in Poison Magic
   398 | D        | Reached XP level 2. HP: 17/17 MP: 0/5
   419 | D        | Killed a yaktaur
   472 | D        | Shot with an arrow of frost by an elf

Action                   || total
-------------------------++-------
Melee: Unarmed           ||    13
Throw: Stone             ||     1
 Cast: Sting             ||    11
  Use: Potion            ||     1
